 Dungeon Crawl Stone Soup version 0.18-a0-1575-g920359c (webtiles) character file.

37 namelastname112 the Slasher (level 3, 0/30 HPs)
             Began as a Draconian Gladiator on Mar 16, 2016.
             Killed by divine providence
             ... invoked by an orc priest
              (12 damage)
             ... on level 3 of the Dungeon.
             The game lasted 00:01:59 (1401 turns).

namelastname112 the Slasher (Draconian Gladiator)   Turns: 1401, Time: 00:02:00

Health: 0/30       AC:  6    Str: 20    XL:     3   Next: 21%
Magic:  3/3        EV: 13    Int:  8    God:
Gold:   66         SH:  2    Dex: 12    Spells: 0 memorised, 2 levels left

rFire  . . .     SeeInvis .     a - +0 long sword
rCold  . . .     Gourm    .     (armour unavailable)
rNeg   . . .     Faith    .     (no shield)
rPois  .         Spirit   .     b - +0 hat
rElec  .         Dismiss  .     f - +0 cloak
rCorr  .         Reflect  +     (no gloves)
SustAt .         Harm     .     (no boots)
MR     .....                    u - +2 amulet of reflection
Stlth  +.........               (no ring)
                                i - +3 ring of strength

@: not resistant to hostile enchantments, very unstealthy
A: unfitting armour, cold-blooded, AC +5
a: no special abilities


You were on level 3 of the Dungeon.
You were hungry.

You visited 1 branch of the dungeon, and saw 3 of its levels.

You collected 66 gold pieces.

Inventory:

Hand Weapons
 a - a +0 long sword (weapon)
Missiles
 c - 3 throwing nets (quivered)
Armour
 b - a +0 hat (worn)
 f - a +0 cloak (worn)
Jewellery
 i - a +3 ring of strength (left hand)
 u - a +2 amulet of reflection (around neck)
Scrolls
 e - a scroll of amnesia {unknown}
 h - a scroll of fear {unknown}
 j - 2 scrolls of remove curse {unknown}
 l - a scroll of identify {unknown}
 s - a scroll of magic mapping {unknown}
Potions
 g - a potion of curing {unknown}
 k - a potion of flight {unknown}
 m - a potion of ambrosia {unknown}
 o - a potion of resistance {unknown}
 p - 2 potions of cure mutation {unknown}
 t - a potion of heal wounds {unknown}
Comestibles
 d - 2 bread rations
 n - a slice of pizza
 q - 2 meat rations
 r - a beef jerky


   Skills:
 + Level 2.9 Fighting
 * Level 3.6 Long Blades
 - Level 1.7 Throwing
 + Level 3.0 Dodging


You had 2 spell levels left.
You didn't know any spells.

Dungeon Overview and Level Annotations

Branches:
Dungeon (3/15)

Altars:
Okawaru
Zin


Innate Abilities, Weirdness & Mutations

Your plain brown scales are hard (AC +5).
Your body does not fit into most forms of armour.
You are cold-blooded and may be slowed by cold attacks.


Message History

You are feeling hungry.
The orc priest hits you.
A goblin, an orc and an orc priest come into view.
The goblin shouts!
The orc shouts!
You hit the orc priest.
The orc priest is moderately wounded.
The orc priest hits you.
The orc wizard casts a cantrip, but nothing happens.
You hit the orc priest.
The orc priest is moderately wounded.
The orc priest mumbles some strange prayers to Beogh against you.
Pain shoots through your body!
The orc wizard miscasts a cantrip.
The orc priest hits you.
An orc wizard comes into view. It is wielding a dagger.
You barely miss the orc priest.
The orc priest is moderately wounded.
The orc priest calls down the wrath of Beogh upon you.
Beogh smites you!
You die... oo# oog

#o# #.# #=#
# #o# .#
#o####.#.#
#@#<.....#
#....#.#....
#.##...# #
#..........
#.####.#.#..
#.. .# # #..
.. #.. (. #.
#.#


You could see 2 orc priests, 2 orc wizards, 3 orcs and a goblin.

Vanquished Creatures
  An adder (D:3)
  4 bats
  2 giant cockroaches (D:1)
  5 goblins
  2 hobgoblins (D:1)
  7 kobolds
  A giant newt (D:1)
  3 rats (D:1)
25 creatures vanquished.

Notes
Turn   | Place    | Note
--------------------------------------------------------------
     0 | D:1      | namelastname112 the Draconian Gladiator began the quest for the Orb.
     0 | D:1      | Reached XP level 1. HP: 17/17 MP: 1/1
    91 | D:1      | You fall through a shaft!
   240 | D:2      | Found a glowing silver altar of Zin.
   432 | D:2      | Found an iron altar of Okawaru.
   562 | D:1      | Reached XP level 2. HP: 19/25 MP: 2/2
  1384 | D:3      | Reached XP level 3. HP: 30/30 MP: 3/3
  1401 | D:3      | Killed from afar by an orc priest

Vault maps used:
D:1:      minmay_arrival_stone_box
D:2:      nicolae_overflow_crystal_walls, lemuel_round_altar, first_bread

Skill      XL: |  1  2 |
---------------+-------+-----
Dodging        | 3 |  3.0
Fighting       | |  2.9
Long Blades    | |  3.6
Throwing       | |  1.7

Action                   || total
-------------------------++-------
Melee: Long sword        ||    60
  Eat: Chunk             ||     1
